 Dungeon Crawl Stone Soup version 0.29-a0-392-g297d3b089c (webtiles) character file.

Game seed: 15729275861335877746

1084 benadryl the Ruffian (level 8, -14/72 (75) HPs)
             Began as a Troll Venom Mage on May 7, 2022.
             Killed from afar by an acid dragon (28 damage)
             ... with a splash of acid
             ... on level 5 of the Dungeon on May 8, 2022.
             The game lasted 00:09:29 (3973 turns).

benadryl the Ruffian (Troll Venom Mage)             Turns: 3973, Time: 00:09:30

HP:   -14/72 (75)   AC:  0    Str: 17    XL:     8   Next: 8%
MP:   3/8           EV:  9    Int: 19    God:
Gold: 130           SH:  0    Dex: 10    Spells: 5/9 levels left

rFire   . . .      SeeInvis .     - Unarmed
rCold   . . .      Faith    .   (no shield)
rNeg    . . .      Spirit   .   a - +0 robe
rPois   .          Reflect  .   (helmet restricted)
rElec   .          Harm     .   (no cloak)
rCorr   .          Rampage  .   (gloves unavailable)
Will    .....                   (boots unavailable)
Stlth   +.........              (no amulet)
HPRegen 1.02/turn               n - +6 ring of intelligence
MPRegen 0.11/turn               (no ring)

@: corroded, lightly drained
A: large, unfitting armour, claws 3, regeneration 1, shaggy fur 1, tough skin 1
a: no special abilities


You were on level 5 of the Dungeon.
You visited 1 branch of the dungeon, and saw 5 of its levels.
You also visited: Sewer.

You collected 130 gold pieces.

Inventory:

Hand Weapons
 l - a +0 short sword of flaming
Armour
 a - a +0 robe (worn)
Jewellery
 n - a +6 ring of intelligence (left claw)
 r - a +6 ring of dexterity
Wands
 t - a wand of paralysis (7)
 u - a wand of flame (23)
Scrolls
 c - a scroll of enchant weapon
 d - a scroll of summoning
 e - a scroll of immolation {unknown}
 h - a scroll of vulnerability
 j - 3 scrolls of identify {@r1}
 o - a scroll of magic mapping
Potions
 b - 3 potions of magic
 f - a potion of haste
 g - a potion of mutation
 i - a potion of invisibility
 k - a potion of brilliance
 m - a potion of cancellation
 p - a potion of heal wounds
 q - a potion of might


   Skills:
 + Level 3.4 Fighting
 - Level 1.5 Dodging
 - Level 1.0 Stealth
 * Level 6.0 Unarmed Combat
 - Level 1.2 Spellcasting
 + Level 2.7 Conjurations
 - Level 0.6 Transmutations
 + Level 1.4 Air Magic
 - Level 3.1 Poison Magic


You had 5 spell levels left.
You knew the following spells:

 Your Spells              Type           Power      Damage    Failure   Level
a - Sting                 Tmut/Pois      32%        1d4       9%          1
b - Mephitic Cloud        Conj/Pois/Air  10%        N/A       21%         3

Your spell library contained the following spells:

 Spells                   Type           Power      Damage    Failure   Level
 Poisonous Vapours        Pois/Air       18%        N/A       11%         2
 Slow                     Hex            4%         N/A       19%         1
 Olgreb's Toxic Radiance  Pois           13%        N/A       45%         4
 Confusing Touch          Hex            1%         N/A       50%         3
 Vampiric Draining        Necr           1%         2d6       50%         3


Dungeon Overview and Level Annotations

Branches:
Dungeon (5/15)              Sewer (visited)
 Temple: D:4-7

Altars:
Dithmenos

Shops:
D:1 =


Innate Abilities, Weirdness & Mutations

You are too large for most types of armour.
You have claws for hands.
Your natural rate of healing is unusually fast.
You are covered in fur. (AC +1)
You have tough skin. (AC +1)


Message History

The ufetubus hits the necrophage.
The scorpion is engulfed in noxious fumes.
The scorpion barely misses the ufetubus.
The two-headed ogre closely misses you.
The two-headed ogre hits you with a +0 giant spiked club!!
The scorpion is engulfed in noxious fumes.
The scorpion stings the two-headed ogre.
The scorpion stings itself!
The ufetubus is engulfed in noxious fumes.
The ufetubus appears confused.
You feel magically purged.
Your magical contamination has completely faded away.
The ufetubus barely misses you.
The ufetubus hits you but does no damage.
As you read the scroll of fear, it crumbles to dust.
You assume a fearsome visage.
The scorpion looks frightened!
The necrophage is unaffected.
The two-headed ogre looks frightened!
The ufetubus looks frightened!
The scorpion is engulfed in noxious fumes.
The scorpion appears confused.
The necrophage hits you.
You feel drained.
An acid dragon comes into view.
The ufetubus is engulfed in noxious fumes.
The ufetubus appears confused.
The ufetubus hits the scorpion but does no damage.
The ufetubus's attack snaps the scorpion out of its fear.
The ufetubus hits the scorpion.
The scorpion is engulfed in noxious fumes.
The necrophage attacks as you move away!
The necrophage hits you.
You feel drained.
The ufetubus is engulfed in noxious fumes.
The ufetubus appears confused.
The scorpion barely misses the ufetubus.
An ogre comes into view. It is wielding a +0 giant club.
The acid dragon spits acid at you. The splash of acid hits you!
* * * LOW HITPOINT WARNING * * *
The acid corrodes you! The acid dragon spits acid at you.
The splash of acid hits you!!
You die...

#)..........#....#
##.............#.##
...........#####.#
#.........##..[.#
#............####
#..........### .
#............# .#
####.......†n...# ##.#
...........@##..####...#
##....)...>......#..#####
#.###..##...>...D.#.....
#............O...#
.#.............$.#.#
..................#.#
...........####...# #
............# ##O.?.:#
............# #..##.#


You could see a two-headed ogre, an acid dragon (catching breath), an ogre and a
necrophage.

Vanquished Creatures
  Duvessa (D:4)
  2 ogres
  A kobold brigand (Sewer)
  A scorpion (D:3)
  Dowan (D:4)
  A howler monkey (D:4)
  2 hounds (D:4)
  A jelly (D:5)
  3 orc priests
  Jessica (D:2)
  Terence (D:2)
  An iguana (D:5)
  An orc wizard (D:3)
  6 adders
  A gnoll (D:1)
  2 river rats (Sewer)
  2 ufetubi (D:5)
  2 worms
  2 dart slugs
  8 orcs (D:3)
  10 ball pythons
  8 endoplasms
  4 giant cockroaches
  7 goblins
  7 hobgoblins
  10 kobolds
  7 quokkas
  4 bats
  4 frilled lizards
  8 rats
109 creatures vanquished.

Vanquished Creatures (collateral kills)
  A centaur (D:4)
  An orc priest (D:4)
  2 orcs (D:4)
4 creatures vanquished.

Grand Total: 113 creatures vanquished

Notes
Turn   | Place    | Note
-------+----------+-------------------------------------------
     0 | D:1      | benadryl the Troll Venom Mage began the quest for the Orb.
     0 | D:1      | Reached XP level 1. HP: 16/16 MP: 1/1
   102 | D:1      | Reached skill level 1 in Unarmed Combat
   229 | D:1      | Reached XP level 2. HP: 22/26 MP: 2/2
   483 | D:1      | Reached skill level 1 in Fighting
   483 | D:1      | Reached skill level 2 in Unarmed Combat
   558 | D:1      | Reached XP level 3. HP: 30/33 MP: 3/3
   633 | D:1      | Found Lamao's Jewellery Shoppe.
   770 | D:1      | Learned a level 3 spell: Mephitic Cloud
   884 | D:2      | Noticed Jessica
   899 | D:2      | Killed Jessica
   900 | D:2      | Reached XP level 4. HP: 33/41 MP: 1/4
  1068 | D:2      | Noticed Terence
  1084 | D:2      | Killed Terence
  1184 | D:2      | Reached skill level 3 in Unarmed Combat
  1355 | D:2      | Identified the +5 dagger "Impslayer" {flame, rElec rC++
                  | Str-4 Int+3}
  1726 | D:3      | Found a faded altar of an unknown god.
  1736 | D:3      | Reached skill level 1 in Conjurations
  1736 | D:3      | Reached XP level 5. HP: 46/49 MP: 5/5
  1875 | D:3      | Upgraded the game from 0.29-a0-384-g6960b1960d to
                  | 0.29-a0-392-g297d3b089c
  2194 | D:3      | Found a glowing drain.
  2200 | Sewer    | Entered a sewer
  2342 | Sewer    | Reached skill level 4 in Unarmed Combat
  2342 | Sewer    | Reached XP level 6. HP: 50/57 MP: 6/6
  3113 | D:4      | Reached XP level 7. HP: 59/66 MP: 7/7
  3154 | D:4      | Noticed Dowan
  3158 | D:4      | Noticed Duvessa
  3167 | D:4      | Killed Duvessa
  3168 | D:4      | Reached skill level 5 in Unarmed Combat
  3171 | D:4      | Killed Dowan
  3398 | D:4      | Reached skill level 1 in Air Magic
  3476 | D:4      | Found a shadowy altar of Dithmenos.
  3877 | D:5      | Entered Level 5 of the Dungeon
  3931 | D:5      | Reached XP level 8. HP: 63/75 MP: 8/8
  3940 | D:5      | Reached skill level 6 in Unarmed Combat
  3955 | D:5      | Noticed a two-headed ogre
  3973 | D:5      | Killed from afar by an acid dragon

Illustrated notes

Levels and vault maps discovered:
D:1:      roderic_crossed_star, layout_basic, serial_shops, shop
D:2:      layout_loops_ring, uniq_jessica, uniq_terence
D:3:      layout_loops_corners, hellmonk_ecumenical_altar_pennies_from_heaven,
          gup_sewer_entry_spiral, minmay_misc_feat_encased,
          nicolae_figureground_pulse
D:4:      layout_cave_pools, nicolae_dithmenos_the_darkroom, uniq_duvessa
D:5:      layout_rooms, marbit_many_paths, minmay_manual_mess

Skill      XL: |  1  2  3  4  5  6  7  8 |
---------------+-------------------------+-----
Unarmed Combat | 1 2 3 4 5 6 |  6.0
Fighting       | 1 2 3 |  3.4
Conjurations   | 1 2 |  2.7
Poison Magic   | 3 |  3.1
Air Magic      | 1 |  1.4
Dodging        | |  1.5
Stealth        | |  1.0
Spellcasting   | |  1.2
Transmutations | |  0.6

Action                   |  1- 3 |  4- 6 |  7- 9 || total
-------------------------+-------+-------+-------++-------
Melee: Unarmed           |    73 |   241 |    50 ||   364
       Punch             |       |     2 |     3 ||     5
 Cast: Sting             |     4 |     8 |     2 ||    14
       Mephitic Cloud    |       |       |     1 ||     1
  Use: Scroll            |       |     8 |     6 ||    14
       Potion            |       |     5 |     1 ||     6
 Stab: Sleeping          |       |     5 |       ||     5
       Distracted        |       |       |     1 ||     1
Armor: Robe              |    20 |    66 |    16 ||   102
       Skin              |       |    13 |       ||    13
Dodge: Dodged            |    30 |    87 |    39 ||   156

Table legend: (Time is in decaauts)
 A = Elapsed time spent in this place.
 B = Non-inter-level travel time spent in this place.
 C = Inter-level travel time spent in this place.
 D = Time resting spent in this place.
 E = Time spent auto-exploring this place.
 F = Levels seen in this place.
 G = Mean time per level.
                   A        B        C        D        E       F      G
               +--------+--------+--------+--------+--------+-----+--------+
         Total |   4027 |   3745 |    282 |    239 |   2535 |   6 |  671.2 |
       Dungeon |   3675 |   3393 |    282 |    239 |   2354 |   5 |  735.0 |
         Sewer |    352 |    352 |      0 |      0 |    181 |   1 |  352.0 |
               +--------+--------+--------+--------+--------+-----+--------+

Top non-repeatable levels by time:
     D:3: 1266 daAuts
     D:4: 806 daAuts
     D:1: 785 daAuts
     D:2: 722 daAuts
   Sewer: 352 daAuts
     D:5: 93 daAuts
